 Dungeon Crawl Stone Soup version 0.22-a0-274-gf8199ec (webtiles) character file.

2792 neds the Grappler (level 9, -2/76 HPs)
             Began as a Troll Warper on Mar 14, 2018.
             Slain by a sixfirhy (9 damage)
             ... summoned by an orc high priest
             ... in a bailey.
             The game lasted 00:31:07 (6647 turns).

neds the Grappler (Troll Warper)                    Turns: 6647, Time: 00:31:07

Health: -2/76      AC:  9    Str: 24    XL:     9   Next: 43%
Magic:  8/8        EV: 10    Int:  9    God:
Gold:   310        SH:  0    Dex: 12    Spells: 10/10 levels left

rFire    . . .     SeeInvis .     - Unarmed
rCold    . . .     Gourm    +   (no shield)
rNeg     . . .     Faith    .   n - +1 animal skin
rPois    +         Spirit   .   K - +2 hat
rElec    .         Reflect  .   t - +0 cloak
rCorr    .         Harm     .   (gloves unavailable)
MR       .....                  (boots unavailable)
Stlth    +.........             (no amulet)
HPRegen  0.62/turn              z - +3 ring of strength
MPRegen  0.11/turn              F - ring of poison resistance

@: no status effects
A: large, unfitting armour, claws 3, fast metabolism 3, gourmand, low mp 1,
regeneration 1, shaggy fur 1, tough skin 2
a: no special abilities


You were in a bailey.
You were very full.

You visited 2 branches of the dungeon, and saw 9 of its levels.
You also visited: Sewer and Bailey.

You collected 310 gold pieces.

Inventory:

Hand Weapons
 y - a cursed +0 blowgun
Missiles
 d - 5 tomahawks of dispersal (quivered)
 A - 23 poisoned needles
 I - 9 tomahawks
Armour
 m - a +2 pair of gloves
 n - a +1 animal skin (worn)
 t - a +0 cloak (worn)
 K - a +2 hat (worn)
Magical Staves
 N - a cursed staff of cold {unknown}
Jewellery
 u - an uncursed ring of protection from fire
 z - a +3 ring of strength (left claw)
 E - an uncursed ring of fire
 F - a ring of poison resistance (right claw)
 M - a +3 ring of intelligence
 Q - an uncursed ring of wizardry {unknown}
Wands
 v - a wand of flame (17)
 w - a wand of acid (10)
 O - a wand of paralysis (10)
Scrolls
 c - a scroll of blinking
 h - 5 scrolls of remove curse
 i - 2 scrolls of enchant armour {unknown}
 j - 4 scrolls of teleportation {unknown}
 k - a scroll of fog {unknown}
 l - 2 scrolls of magic mapping
 o - 8 scrolls of identify {unknown}
 s - a scroll of noise {unknown}
 B - 2 scrolls of enchant weapon {unknown}
 D - a scroll of fear {unknown}
 J - 3 scrolls of amnesia {unknown}
 P - a scroll of random uselessness {unknown}
Potions
 a - a potion of haste {unknown}
 b - a potion of brilliance {unknown}
 e - 5 potions of curing
 g - a potion of might {unknown}
 p - 5 potions of heal wounds {unknown}
 q - a potion of magic {unknown}
 r - 2 potions of invisibility {unknown}
 x - 3 potions of degeneration {unknown}
 C - 2 potions of mutation {unknown}
 G - a potion of lignification {unknown}
 H - 4 potions of flight {unknown}
Comestibles
 f - 24 rations


   Skills:
 - Level 1.5 Fighting
 - Level 0.8 Throwing
 - Level 2.0 Dodging
 + Level 12.7 Unarmed Combat
 - Level 1.2 Spellcasting
   Level 2.1 Translocations


You had 10 spell levels left.
You didn't know any spells.

Dungeon Overview and Level Annotations

Branches:
Dungeon (8/15)             Temple (1/1) D:5
   Lair: D:8-11

Altars:
Ashenzari
Cheibriados
Dithmenos
Fedhas
Gozag
Hepliaklqana
Kikubaaqudgha
Makhleb
Nemelex Xobeh
Okawaru
Qazlal
Ru
Sif Muna
Trog
Uskayaw
Vehumet
Wu Jian
Xom
Yredelemnul

Shops:
D:5 %


Innate Abilities, Weirdness & Mutations

You are too large for most types of armour.
You have claws for hands.
Your metabolism is lightning-fast.
You like to eat raw meat.
Your natural rate of healing is unusually fast.
You are covered in fur. (AC +1)
You have very tough skin. (AC +2)
Your magical capacity is low. (-10% MP)


Message History

You kill the orc!
The neqoxec gestures at you.
Strange energies course through your body.
You feel less energetic. The sixfirhy closely misses you.
The sixfirhy hits you! The sixfirhy shocks you!
The kobold demonologist looks encouraged for a moment.
You barely miss the kobold demonologist.
The kobold demonologist hits you with a broad axe.
The neqoxec gestures at you.
Something tries to feed on your intellect!
The orc high priest calls down the wrath of Beogh upon you.
Beogh smites you!
The kobold demonologist looks braver for a moment.
The sixfirhy hits you! The sixfirhy shocks you!
* * * LOW HITPOINT WARNING * * *
The sixfirhy hits you.
* * * LOW HITPOINT WARNING * * *
The sixfirhy shocks you!
You die...

####..#..⌠..#..#
#..).....'..#
#.g'.....'..#
#####'g'#####
#....4.4....#
######≈≈≈≈.oKo≈≈≈###
≈≈≈≈≈≈≈≈≈≈..3≈≈≈≈≈≈≈
≈≈≈≈≈≈≈≈≈≈..3≈≈≈≈≈≈≈
≈≈≈≈≈≈≈≈≈≈..@≈≈≈≈≈≈≈
≈≈≈≈≈≈≈≈≈≈...≈≈≈≈≈≈≈
≈≈≈≈≈≈≈.))......≈≈≈≈
########)).....#####
#.......# #.......#
#...∩...# #.......#
###...###


You could see an orc high priest, an ice devil, a kobold demonologist, a
sixfirhy, a neqoxec, a red devil, an orc and a goblin.

Vanquished Creatures
  A centaur zombie (D:8)
  Grinder (D:3)
  Prince Ribbit (D:7)
  2 orc warriors
  Purgy (Sewer)
  An ice beast (D:7)
  2 centaurs (D:6)
  4 bullfrogs
  A scorpion (D:5)
  A killer bee (D:6)
  An electric eel (Bailey)
  6 crimson imps
  2 bullfrog skeletons
  Crazy Yiuf (D:3)
  An orc priest (D:8)
  A hound (D:3)
  A jelly (D:7)
  8 orc wizards
  Jessica (D:2)
  Natasha (thrice) (D:2)
  Terence (D:3)
  4 worker ants
  A hound zombie (D:6)
  A howler monkey zombie (D:6)
  Robin (D:2)
  8 gnolls
  6 adders
  A shadow imp (D:6)
  2 oozes
  An adder zombie (D:7)
  An adder skeleton (D:6)
  4 worms
  2 leopard geckos
  20 orcs
  A ball python (D:3)
  6 bats
  7 giant cockroaches
  21 goblins
  13 hobgoblins
  17 jackals
  2 quokkas
  5 frilled lizards
  2 jackal skeletons
  11 kobolds
  A quokka skeleton (D:7)
  2 quokka zombies
  4 rats (D:1)
185 creatures vanquished.

Notes
Turn   | Place    | Note
-------+----------+-------------------------------------------
     0 | D:1      | neds the Troll Warper began the quest for the Orb.
     0 | D:1      | Reached XP level 1. HP: 19/19 MP: 1/1
   189 | D:1      | Reached XP level 2. HP: 23/27 MP: 2/2
   246 | D:1      | Reached skill level 3 in Unarmed Combat
   394 | D:1      | Reached XP level 3. HP: 33/33 MP: 3/3
   852 | D:2      | Noticed Robin
  1103 | D:2      | Killed Robin
  1103 | D:2      | Reached skill level 4 in Unarmed Combat
  1236 | D:1      | Reached XP level 4. HP: 37/41 MP: 4/4
  1438 | D:2      | Noticed Natasha
  1457 | D:2      | Killed Natasha
  1457 | D:2      | Reached skill level 5 in Unarmed Combat
  1459 | D:2      | Reached XP level 5. HP: 34/48 MP: 5/5
  1527 | D:2      | Noticed Jessica
  1603 | D:2      | Killed Jessica
  1617 | D:2      | Found an iron altar of Okawaru.
  1620 | D:2      | Found an ornate altar of the Wu Jian Council.
  1639 | D:2      | Noticed Natasha
  1652 | D:2      | Killed Natasha
  1658 | D:2      | Noticed Natasha
  1661 | D:2      | Killed Natasha
  1842 | D:3      | Reached skill level 6 in Unarmed Combat
  1947 | D:3      | Noticed Terence
  1955 | D:3      | Killed Terence
  1962 | D:3      | Reached XP level 6. HP: 55/55 MP: 6/6
  2004 | D:3      | Noticed Grinder
  2038 | D:3      | Killed Grinder
  2038 | D:3      | Reached skill level 7 in Unarmed Combat
  2366 | D:3      | Found a runed door.
  2370 | D:3      | Noticed Crazy Yiuf
  2375 | D:3      | Killed Crazy Yiuf
  2532 | D:3      | Reached XP level 7. HP: 61/62 MP: 7/7
  2624 | D:4      | Found a shimmering altar of Xom.
  2688 | D:4      | Reached skill level 8 in Unarmed Combat
  2751 | D:4      | Found a glowing drain.
  2774 | Sewer    | Entered a sewer
  2849 | Sewer    | Noticed Purgy
  2853 | Sewer    | Killed Purgy
  3605 | D:5      | Entered Level 5 of the Dungeon
  3638 | D:5      | Reached skill level 9 in Unarmed Combat
  3652 | D:5      | Found a staircase to the Ecumenical Temple.
  3659 | D:5      | Found a sparkling altar of Nemelex Xobeh.
  3659 | D:5      | Found an opulent altar of Gozag.
  3714 | Temple   | Entered the Ecumenical Temple
  4022 | D:5      | Found Jeasip's Food Boutique.
  4312 | D:5      | Found a hide-covered altar of Uskayaw.
  4742 | D:6      | Reached XP level 8. HP: 65/70 MP: 8/8
  4888 | D:6      | Reached skill level 10 in Unarmed Combat
  5421 | D:6      | Reached skill level 11 in Unarmed Combat
  5425 | D:6      | Found a radiant altar of Vehumet.
  5716 | D:7      | Noticed Prince Ribbit
  5722 | D:7      | Killed Prince Ribbit
  5722 | D:7      | Reached XP level 9. HP: 76/76 MP: 9/9
  5763 | D:7      | Paralysed by a crimson imp for 4 turns
  6125 | D:8      | Reached skill level 12 in Unarmed Combat
  6467 | D:8      | Found a flagged portal.
  6494 | Bailey   | Entered a bailey
  6617 | Bailey   | Found an iron altar of Okawaru.
  6617 | Bailey   | Noticed an orc high priest
  6617 | Bailey   | Noticed a kobold demonologist
  6640 | Bailey   | Noticed a sixfirhy
  6640 | Bailey   | Noticed an ice devil
  6642 | Bailey   | Noticed a red devil
  6642 | Bailey   | Gained mutation: Your magical capacity is low. (-10% MP) [a neqoxec]
  6647 | Bailey   | Slain by a sixfirhy

Vault maps used:
D:1:      scummos_arrival_checkerplants, serial_glass, glass_columns_c,
          glass_columns_a, glass_columns_c
D:2:      chequers_temple_overflow_statue_of_worship, serial_glass,
          glass_columns_a, glass_columns_a, glass_columns_c, glass_columns_c,
          first_ration, uniq_natasha, uniq_jessica, uniq_robin
D:3:      uniq_crazy_yiuf_cottage, uniq_grinder, uniq_terence
D:4:      led_xom_imps, cheibrodos_sewer_entry_bend
D:5:      grunt_temple_overflow_opulence, eat_drink_and_be_merry_uskayaw,
          temple_pool_b, serial_shops, shop, minmay_misc_feat_alley
D:6:      marbit_many_paths
D:7:      uniq_prince_ribbit1
D:8:      good_gods_mini_temple, enter_bailey_3, blue_anna_alchemist
Temple:   hc_temple_tempest_star
Sewer:    kennysheep_door_sewer
Bailey:   bailey_axe_of_yendor_kennysheep, bailey

Skill      XL: |  1  2  3  4  5  6  7  8  9 |
---------------+----------------------------+-----
Dodging        | 2 |  2.0
Unarmed Combat | 3 4 5 6 7 9 11 12 | 12.7
Fighting       | |  1.5
Throwing       | |  0.8
Spellcasting   | |  1.2
Translocations | |  2.1

Action                   |  1- 3 |  4- 6 |  7- 9 || total
-------------------------+-------+-------+-------++-------
Melee: Unarmed           |   130 |   113 |   328 ||   571
       Punch             |       |       |    14 ||    14
  Use: Scroll            |     2 |       |     3 ||     5
 Stab: Distracted        |     1 |       |       ||     1
  Eat: Chunk             |    17 |    12 |    36 ||    65
Armor: Robe              |    46 |       |       ||    46
       Animal skin       |    14 |    31 |   127 ||   172
Dodge: Dodged            |    70 |    49 |   131 ||   250

Table legend:
 A = Spawn XP
 B = Non-spawn XP
 C = Spawn XP percentage of total XP
 D = Spawn monster count
 E = Non-spawn monster count
 F = Spawn count percentage of total count
 G = Total turns spent on level
                    A         B        C        D         E        F      G
               +---------+---------+-------+---------+---------+-------+---------
         Total |       0 |    3989 |   0.0 |       0 |     185 |   0.0 |  6647
               +---------+---------+-------+---------+---------+-------+---------
           D:1 |       0 |     114 |   0.0 |       0 |      41 |   0.0 |  1188
           D:2 |       0 |     198 |   0.0 |       0 |      16 |   0.0 |   564
           D:3 |       0 |     515 |   0.0 |       0 |      29 |   0.0 |   990
           D:4 |       0 |     193 |   0.0 |       0 |      21 |   0.0 |   676
           D:5 |       0 |     130 |   0.0 |       0 |       4 |   0.0 |   980
           D:6 |       0 |    1019 |   0.0 |       0 |      35 |   0.0 |   917
           D:7 |       0 |     877 |   0.0 |       0 |      17 |   0.0 |   789
           D:8 |       0 |     599 |   0.0 |       0 |       8 |   0.0 |    96
         Sewer |       0 |     150 |   0.0 |       0 |       6 |   0.0 |   187
        Bailey |       0 |     194 |   0.0 |       0 |       8 |   0.0 |   153
               +---------+---------+-------+---------+---------+-------+---------
